 Dungeon Crawl Stone Soup version 0.31.0-4-g52a2dc7128 (webtiles) character file.

Game seed: 10654199593254270814

1890 Persephone the Cruncher (level 8, -11/57 HPs)
             Began as a Minotaur Monk on Jan 21, 2024.
             Was a Believer of Hepliaklqana.
             Mangled by a large slime creature (22 damage)
             ... on level 6 of the Dungeon.
             The game lasted 00:07:54 (4772 turns).

Persephone the Cruncher (Minotaur Monk)             Turns: 4772, Time: 00:07:55

Health: -11/57     AC: 13    Str: 17    XL:     8   Next: 92%
Magic:  0/7        EV:  5    Int:  7    God:    Hepliaklqana [**....]
Gold:   294        SH:  0    Dex: 14    Spells: 7/7 levels left

rFire   . . .        b - +0 lajatang
rCold   + . .        (shield currently unavailable)
rNeg    . . .        x - +0 plate armour
rPois   +            (helmet restricted)
rElec   .            y - +2 cloak {rPois}
rCorr   .            (no gloves)
SInv    .            (no boots)
Will    .....        q - amulet of guardian spirit Stlth
                     p - ring of protection from cold
HPRegen 0.29/turn    (no ring)
MPRegen 0.10/turn

%: guardian spirit
@: no status effects
A: reduced essence, horns 2, retaliatory headbutt
a: Renounce Religion, Recall Ancestor, Ancestor Identity


You were on level 6 of the Dungeon.
You worshipped Hepliaklqana.
Hepliaklqana was pleased with you.
You visited 2 branches of the dungeon, and saw 7 of its levels.

You collected 294 gold pieces.

Inventory:

Hand Weapons
 b - a +0 lajatang (weapon)
Armour
 x - a +0 plate armour (worn)
 y - a +2 cloak of poison resistance (worn)
Jewellery
 i - a +6 ring of intelligence
 p - a ring of protection from cold (left hand)
 q - an amulet of guardian spirit (around neck)
Wands
 u - a wand of paralysis (15)
Scrolls
 a - 2 scrolls of teleportation
 d - a scroll of vulnerability
 f - 5 scrolls of amnesia
 h - a scroll of enchant weapon
 l - 4 scrolls of fog
 n - 2 scrolls of blinking
 o - 2 scrolls of identify
 s - a scroll of noise {unknown}
 B - a scroll of acquirement {unknown}
 C - a scroll of enchant armour {unknown}
Potions
 c - 2 potions of ambrosia
 e - a potion of curing {unknown}
 g - 3 potions of enlightenment
 j - 5 potions of might {unknown}
 k - 2 potions of heal wounds {unknown}
 m - 4 potions of resistance {unknown}
 r - a potion of lignification {unknown}
 t - 2 potions of attraction {unknown}
 v - a potion of cancellation {unknown}
 w - a potion of degeneration {unknown}
 z - 2 potions of berserk rage {unknown}
 A - a potion of haste {unknown}


   Skills:
 - Level 3.6 Fighting
 - Level 9.4(11.6) Polearms
 * Level 10.7(12.2) Staves
 - Level 3.2 Dodging


You had 7 spell levels left.
You didn't know any spells.
Your spell library contained the following spells:

 Spells                   Type           Power      Damage    Failure   Level
 Freeze                   Ice            0%         1d3       100%        1
 Magic Dart               Conj           0%         1d3       100%        1
 Sting                    Conj/Alch      0%         1d3       100%        1
 Call Imp                 Summ           0%         N/A       100%        2
 Mercury Vapours          Alch/Air       0%         N/A       100%        2
 Searing Ray              Conj           0%         2d4       100%        2
 Sublimation of Blood     Necr           0%         N/A       100%        2
 Frozen Ramparts          Ice            0%         1d1       100%        3
 Hailstorm                Conj/Ice       0%         3d5       100%        3
 Fulminant Prism          Conj/Alch      0%         3d5       100%        4
 Olgreb's Toxic Radiance  Alch           0%         N/A       100%        4
 Summon Hydra             Summ           0%         N/A       100%        7


Dungeon Overview and Level Annotations

Branches:
Dungeon (6/15)             Temple (1/1) D:5

Altars:
Ashenzari
Cheibriados
Dithmenos
Elyvilon
Fedhas
Gozag
Hepliaklqana
Kikubaaqudgha
Makhleb
Nemelex Xobeh
Okawaru
Qazlal
Ru
Sif Muna
Trog
Uskayaw
Vehumet
Wu Jian
Xom
Yredelemnul
Zin
The Shining One


Innate Abilities, Weirdness & Mutations

Your life essence is reduced to manifest your ancestor. (-10% HP)
You have a pair of horns on your head.
You reflexively headbutt those who attack you in melee.


Message History

Things that are here:
a +0 short sword; 3 poisoned darts You swap places.
The jelly hits you but does no damage.
You hit the jelly but do no damage.
Your hands burn!
You headbutt the jelly!
The jelly is severely wounded.
The jelly hits you but does no damage.
You slash the jelly!
You kill the jelly!
The jelly jiggles.
You hit the jelly.
Your hands burn!
The jelly is moderately wounded.
The jelly hits you but does no damage.
You slice the jelly!!
You kill the jelly!
The large slime creature hits you.
Things that are here:
a +0 short sword; 3 poisoned darts You slash the large slime creature!
The large slime creature is lightly wounded.
The large slime creature hits you but does no damage.
You slash the large slime creature! You headbutt the large slime creature.
The large slime creature is moderately wounded.
The large slime creature hits you but does no damage.
You hit the large slime creature. You headbutt the large slime creature!
The large slime creature is heavily wounded.
The large slime creature hits you but does no damage.
You hit the large slime creature.
The large slime creature is heavily wounded.
You slash the large slime creature!
The large slime creature is heavily wounded.
The large slime creature hits you.
You barely miss the large slime creature.
The large slime creature is heavily wounded.
The large slime creature hits you!!
* * * LOW HITPOINT WARNING * * *
You barely miss the large slime creature.
You headbutt the large slime creature.
The large slime creature is heavily wounded.
The large slime creature hits you!!
You die...

##.....###...#..####
#.......##...'......
#.......##...#......
#.......##...#......
#.......##...#######
#....######.........
#....'..###.........
########.##.........
##J@R...###.........
#J####### #>........
#..J.J.J..
##+#######
#÷J.÷.J...
#.P._.....
#.P..._..÷
#÷P._._÷÷.
#.P._....(
##########


You could see the friendly Æthelred the battlemage, a large slime creature (ally
target) and a slime creature.

Vanquished Creatures
  An orc warrior (D:6)
  A water moccasin (D:5)
  2 black bears
  2 ogres (D:4)
  A phantom (D:4)
  A kobold brigand (D:6)
  2 scorpions (D:5)
  A howler monkey (D:6)
  2 hounds
  4 jellies (D:6)
  An orc priest (D:6)
  Jessica (D:2)
  An iguana (D:4)
  Terence (D:2)
  An orc wizard (D:6)
  A sleepcap (D:5)
  8 adders
  3 gnolls (D:5)
  A shadow imp (D:5)
  3 dart slugs
  2 ribbon worms
  6 orcs
  6 ball pythons
  5 endoplasms
  7 giant cockroaches
  2 goblins
  3 hobgoblins
  4 jackals (D:1)
  13 kobolds
  2 quokkas
  6 bats
  4 frilled lizards
  10 rats
108 creatures vanquished.

Vanquished Creatures (collateral kills)
  A black bear (D:6)
  An orc warrior (D:6)
  An ogre (D:6)
  An electric eel (D:6)
  A howler monkey (D:5)
  2 orc priests (D:6)
  An iguana (D:6)
  3 orc wizards (D:6)
  A white imp (D:6)
  An ufetubus (D:6)
  2 orcs
  3 kobolds (D:6)
18 creatures vanquished.

Grand Total: 126 creatures vanquished

Notes
Turn   | Place    | Note
-------+----------+-------------------------------------------
     0 | D:1      | Persephone the Minotaur Monk began the quest for the Orb.
     0 | D:1      | Reached XP level 1. HP: 19/19 MP: 0/0
   143 | D:1      | Reached XP level 2. HP: 26/26 MP: 1/1
   386 | D:1      | Reached skill level 5 in Polearms
   421 | D:1      | Reached XP level 3. HP: 31/31 MP: 2/2
   867 | D:2      | Noticed Terence
   869 | D:2      | Noticed Jessica
   874 | D:2      | Killed Terence
   884 | D:2      | Killed Jessica
   885 | D:2      | Reached XP level 4. HP: 22/39 MP: 3/3
  1810 | D:3      | Reached XP level 5. HP: 45/45 MP: 4/4
  2162 | D:3      | Found a sparkling altar of Nemelex Xobeh.
  2349 | D:4      | Noticed a phantom
  2387 | D:4      | Killed a phantom
  2442 | D:4      | Identified the +1 spear of Crusades {freeze, rElec Dex+3}
  2450 | D:4      | Reached XP level 6. HP: 48/51 MP: 5/5
  2903 | D:5      | Entered Level 5 of the Dungeon
  2920 | D:5      | Reached skill level 2 in Staves
  2920 | D:5      | Reached XP level 7. HP: 57/57 MP: 6/6
  2965 | D:5      | Reached skill level 3 in Staves
  3152 | D:5      | Reached skill level 4 in Staves
  3234 | D:5      | Found a staircase to the Ecumenical Temple.
  3289 | Temple   | Entered the Ecumenical Temple
  3400 | Temple   | Became a worshipper of Hepliaklqana the Forgotten
  3400 | Temple   | Reached * piety under Hepliaklqana
  3400 | Temple   | Reached ** piety under Hepliaklqana
  3401 | Temple   | Remembered your ancestor Æthelred as a battlemage
  3576 | D:5      | Reached skill level 5 in Staves
  3893 | D:5      | Reached skill level 6 in Staves
  4049 | D:6      | Reached XP level 8. HP: 36/57 MP: 4/7
  4050 | D:6      | Reached skill level 7 in Staves
  4293 | D:6      | Reached skill level 8 in Staves
  4303 | D:6      | Reached skill level 9 in Staves
  4578 | D:6      | Reached skill level 10 in Staves
  4751 | D:6      | Found a shimmering blue altar of Sif Muna.
  4751 | D:6      | Found a shimmering blue altar of Sif Muna.
  4751 | D:6      | Found a basalt altar of Yredelemnul.
  4751 | D:6      | Found a sparkling altar of Nemelex Xobeh.
  4751 | D:6      | Found a glowing silver altar of Zin.
  4751 | D:6      | Found a snail-covered altar of Cheibriados.
  4751 | D:6      | Noticed a slime creature
  4751 | D:6      | Noticed a slime creature
  4751 | D:6      | Noticed a slime creature
  4772 | D:6      | Mangled by a large slime creature

Illustrated notes

Levels and vault maps discovered:
D:1:      minmay_arrival_diagonal_passages, layout_loops_ring,
          ebering_dispersal_statue_hall, minmay_worlds_worst_comb
D:2:      layout_basic, minmay_tall_x, uniq_terence, uniq_jessica
D:3:      layout_basic, nemelex_altar_shiori
D:4:      layout_rooms, minmay_statues_item
D:5:      layout_basic, minmay_temple_entry_mini_moons
D:6:      cheibrodos_fertilizer, layout_gridville, serial_bayou,
          serial_bayou_shore_a, serial_bayou_shore_b, serial_bayou_pond_e,
          serial_bayou_ford_a, kennysheep_generic_room_7
Temple:   mainiacjoe_temple_archimedes_tessellation

Skill      XL: |  1  2  3  4  5  6  7  8 |
---------------+-------------------------+-----
Polearms       | 4 5 6 8 9 |  9.4
Staves         | 2 6 10 | 10.7
Fighting       | |  3.6
Dodging        | |  3.2

Action                     |  1- 3 |  4- 6 |  7- 9 || total
---------------------------+-------+-------+-------++-------
  Melee: Spear             |    65 |   117 |       ||   182
         Headbutt          |    12 |    19 |    21 ||    52
         Lajatang          |       |     4 |   107 ||   111
 Invoke: Ancestor Life: Ba |       |       |     1 ||     1
         Ancestor Identity |       |       |     1 ||     1
    Use: Potion            |     1 |       |       ||     1
         Scroll            |       |     4 |     3 ||     7
 Armour: Robe              |    12 |    13 |       ||    25
         Ring mail         |       |    15 |       ||    15
         Plate armour      |       |    17 |   107 ||   124
  Dodge: Dodged            |    21 |    34 |    25 ||    80
